 Dungeon Crawl Stone Soup version 0.30-a0-4-ga7cffc901d (webtiles) character file.

Game seed: 2830546614449174201

69 Setbun the Cutter (level 4, -4/26 HPs)
             Began as a Kobold Brigand on Aug 20, 2022.
             Killed by nerve-wracking pain
             ... invoked by an orc priest
              (13 damage)
             ... on level 3 of the Dungeon.
             The game lasted 00:01:52 (2144 turns).

Setbun the Cutter (Kobold Brigand)                  Turns: 2144, Time: 00:01:54

Health: -4/26      AC:  3    Str:  8    XL:     4   Next: 42%
Magic:  4/4        EV: 14    Int: 12    God:
Gold:   113        SH:  0    Dex: 18    Spells: 3/3 levels left

rFire   . . .      SeeInvis .    a - +2 dagger
rCold   . . .      Faith    .    (no shield)
rNeg    . . .      Spirit   .    b - +0 robe
rPois   .          Reflect  .    (no helmet)
rElec   .          Harm     .    c - +0 cloak
rCorr   .          Rampage  .    (no gloves)
Will    .....                    (no boots)
Stlth   ++++......               (no amulet)
HPRegen 0.08/turn                (no ring)
MPRegen 0.09/turn                (no ring)

@: no status effects
A: small, no large weapons, nightstalker 3
a: no special abilities


You were on level 3 of the Dungeon.
You visited 1 branch of the dungeon, and saw 3 of its levels.

You collected 113 gold pieces.

Inventory:

Hand Weapons
 a - a +2 dagger (weapon)
Missiles
 d - 9 poisoned darts (quivered)
 e - 3 curare-tipped darts
Armour
 b - a +0 robe (worn)
 c - a +0 cloak (worn)
 n - a scarf of harm
Scrolls
 f - 3 scrolls of identify {unknown}
 h - a scroll of poison {unknown}
 k - a scroll of enchant weapon {unknown}
 l - a scroll of blinking {unknown}
Potions
 g - a potion of degeneration {unknown}
 i - a potion of mutation {unknown}
 j - 2 potions of heal wounds {unknown}
 m - a potion of attraction {unknown}


   Skills:
 - Level 2.1 Fighting
 + Level 5.8 Short Blades
 - Level 2.1 Throwing
 - Level 1.2 Dodging
 - Level 5.3 Stealth


You had 3 spell levels left.
You didn't know any spells.
Your spell library contained the following spells:

 Spells                   Type           Power      Damage    Failure   Level
 Sublimation of Blood     Necr           0%         N/A       45%         2
 Wereblood                Tmut           0%         N/A       45%         2
 Summon Hydra             Summ           0%         N/A       100%        7


Dungeon Overview and Level Annotations

Branches:
Dungeon (3/15)

Altars:

Shops:
D:1 *   D:2 !   D:3 (


Innate Abilities, Weirdness & Mutations

You are small and have problems with some larger weapons.
You are completely attuned to the shadows.


Message History

No target in view!
No target in view!
No target in view!
No target in view!
No target in view!
No target in view!
No target in view!
You see here a rat corpse.
An orc priest comes into view. It is wielding a +0 mace.
The orc priest shouts!
You hear a shout! x3
An orc comes into view. It is wielding a +0 falchion.
An orc priest comes into view. It is wielding a +0 trident.
There are monsters nearby!
There are monsters nearby!
The orc priest looks braver for a moment.
The orc priest barely misses you. The orc priest closely misses you.
You hit the orc priest.
The orc priest is lightly wounded.
The orc priest closely misses you. x2
You closely miss the orc priest.
The orc priest is lightly wounded.
You hit the orc priest.
The orc priest is moderately wounded.
The orc priest calls down the wrath of Beogh upon you.
Beogh smites you!
Ouch! That really hurt!
The orc hits you with a +0 falchion.
The orc priest calls upon Beogh to heal the orc priest.
The orc priest's wounds heal themselves!
You hit the orc priest.
The orc priest is lightly wounded.
The orc priest misses you. The orc barely misses you.
The orc priest completely misses you.
You hit the orc priest.
The orc priest is moderately wounded.
The orc misses you.
The orc priest calls down the wrath of Beogh upon you.
Pain shoots through your body!
Ouch! That really hurt!
You die...

.. ###
....## #o.
....o###.##
......#@o.#
#.....o##.#
........# #
###..##$#
##.# .# #.#
.# #.# #.#
#.#


You could see 2 orc priests and an orc.

Vanquished Creatures
  An adder (D:2)
  3 worms
  A dart slug (D:1)
  6 endoplasms
  3 giant cockroaches
  6 goblins (D:1)
  7 hobgoblins
  A jackal (D:2)
  2 ball pythons
  7 bats
  2 frilled lizards (D:1)
  2 kobolds (D:1)
  6 rats
47 creatures vanquished.

Vanquished Creatures (others)
  13 plants (D:2)
13 creatures vanquished.

Grand Total: 60 creatures vanquished

Notes
Turn   | Place    | Note
-------+----------+-------------------------------------------
     0 | D:1      | Setbun the Kobold Brigand began the quest for the Orb.
     0 | D:1      | Reached XP level 1. HP: 12/12 MP: 1/1
    84 | D:1      | Reached XP level 2. HP: 8/17 MP: 2/2
   540 | D:1      | Reached XP level 3. HP: 19/21 MP: 3/3
   833 | D:1      | Found Moyvenos's Assorted Antiques.
  1112 | D:2      | Reached skill level 5 in Short Blades
  1154 | D:2      | Reached XP level 4. HP: 18/26 MP: 4/4
  1306 | D:2      | Found Guskuus's Distillery.
  1919 | D:3      | Found Numug's Antique Weapon Boutique.
  2144 | D:3      | Killed from afar by an orc priest

Illustrated notes

Levels and vault maps discovered:
D:1:      giann_wishing_wells, layout_basic, serial_shops,
          nicolae_shop_behind_doors
D:2:      layout_rooms, serial_bayou, serial_bayou_crossing,
          serial_bayou_pond_c, serial_bayou_pond_b, serial_bayou_pond_d,
          serial_bayou_lagoon_b, serial_bayou_lake_a, serial_shops,
          nicolae_shop_crystal, minmay_misc_feat_rugged
D:3:      layout_loops_ring, nicolae_overflow_hidden_temple,
          amethyst_overflow_temple_binary, serial_shops, nicolae_shop_stone,
          shapermc_ecumenical_altar_hornbeckon, patterned_corridor

Skill      XL: |  1  2  3 |
---------------+----------+-----
Short Blades   | 3 4 5 |  5.8
Fighting       | |  2.1
Throwing       | |  2.1
Dodging        | |  1.2
Stealth        | |  5.3

Action                   |  1- 3 |  4- 6 || total
-------------------------+-------+-------++-------
Melee: Dagger            |    83 |    42 ||   125
 Stab: Sleeping          |    16 |     5 ||    21
       Distracted        |     2 |       ||     2
Armor: Robe              |    12 |     4 ||    16
Dodge: Dodged            |    37 |    18 ||    55

Table legend: (Time is in decaauts)
 A = Elapsed time spent in this place.
 B = Non-inter-level travel time spent in this place.
 C = Inter-level travel time spent in this place.
 D = Time resting spent in this place.
 E = Time spent auto-exploring this place.
 F = Levels seen in this place.
 G = Mean time per level.
                   A        B        C        D        E       F      G
               +--------+--------+--------+--------+--------+-----+--------+
         Total |   2200 |   2097 |    103 |      0 |   1814 |   3 |  733.3 |
       Dungeon |   2200 |   2097 |    103 |      0 |   1814 |   3 |  733.3 |
               +--------+--------+--------+--------+--------+-----+--------+

Top non-repeatable levels by time:
     D:2: 1011 daAuts
     D:1: 965 daAuts
     D:3: 223 daAuts
